 Dungeon Crawl Stone Soup version 0.20-a0-910-gb611367 (webtiles) character file.

27275 LORDOFBUTT the Severer (level 13, -2/95 HPs)
             Began as a Minotaur Berserker on Mar 23, 2017.
             Was the Champion of Trog.
             Killed by divine providence
             ... invoked by an orc priest
              (12 damage)
             ... on level 2 of the Orcish Mines.
             The game lasted 00:26:01 (12956 turns).

LORDOFBUTT the Severer (Minotaur Berserker)        Turns: 12956, Time: 00:26:01

Health: -2/95      AC: 18    Str: 22    XL:     13   Next: 3%
Magic:  12/12      EV: 22    Int:  4    God:    Trog [******]
Gold:   1818       SH:  0    Dex: 15    Spells: 12/12 levels left

rFire    + . .     SeeInvis .   R - +2 war axe (venom)
rCold    . . .     Gourm    .   m - +3 ring mail {rPois}
rNeg     . . .     Faith    .   (no shield)
rPois    +         Spirit   .   (helmet restricted)
rElec    .         Reflect  .   (no cloak)
rCorr    .         Harm     .   (no gloves)
MR       .....                  w - +1 pair of boots
Stlth    +.........             u - amulet of magic regeneration
Regen    0.3/turn               M - +5 ring of protection
MPRegen  0.2/turn               J - ring of protection from fire

@: exhausted, slowed, very slow
A: retaliatory headbutt, hooves 1, horns 2, iridescent scales 1, thin metallic
scales 1, deformed body, MP-powered wands
a: Berserk, Trog's Hand, Brothers in Arms, Burn Spellbooks, Renounce Religion


You were on level 2 of the Orcish Mines.
You worshipped Trog.
Trog was exalted by your worship.
You were very hungry.

You visited 2 branches of the dungeon, and saw 14 of its levels.
You also visited: Ossuary and Bailey.

You collected 1818 gold pieces.

Inventory:

Hand Weapons
 Q - the +8 trident of the Octopus King {venom, rElec rPois MR+}
   (You took it off an orc warrior on level 1 of the Orcish Mines)

   It poisons the flesh of those it strikes.
   It insulates you from electricity.
   It protects you from poison.
   It affects your resistance to hostile enchantments.
 R - a +2 war axe of venom (weapon)
 U - a +4 triple crossbow of freezing
Armour
 b - a +0 animal skin
 m - a +3 ring mail of poison resistance (worn)
 w - a +1 pair of boots (worn)
Jewellery
 h - an uncursed ring of stealth
 k - a +2 ring of intelligence
 n - an uncursed amulet of harm
 u - an amulet of magic regeneration (around neck)
 I - an uncursed amulet of magic regeneration
 J - a ring of protection from fire (left hand)
 M - a +5 ring of protection (right hand)
Wands
 f - a wand of confusion (36/48)
 z - a wand of lightning (7/15)
 B - a wand of iceblast (5/15)
 C - a wand of random effects (20/48)
 G - a wand of confusion (27/48)
 O - a wand of digging (15/24)
 S - a wand of iceblast (6/15)
Scrolls
 a - a scroll of fog
 d - 5 scrolls of remove curse
 e - 6 scrolls of amnesia
 o - 3 scrolls of recharging {unknown}
 q - 4 scrolls of immolation
 r - a scroll of teleportation
 v - 3 scrolls of enchant armour
 x - 2 scrolls of random uselessness
 y - 6 scrolls of identify
 A - 4 scrolls of blinking {unknown}
 D - 3 scrolls of enchant weapon {unknown}
 E - 2 scrolls of summoning {unknown}
 F - 4 scrolls of fear {unknown}
 L - 2 scrolls of noise {unknown}
Potions
 g - a potion of flight
 i - 3 potions of might
 l - 6 potions of haste
 p - 3 potions of heal wounds
 s - 4 potions of curing
 t - 2 potions of cancellation
 H - a potion of degeneration
 K - 3 potions of agility
 N - 2 potions of resistance {unknown}
 P - a potion of mutation {unknown}
Books
 T - a book of Air

   Spells                             Type                      Level
   a - Shock                          Conjuration/Air              1
   b - Swiftness                      Charms/Air                   2
   c - Static Discharge               Conjuration/Air              3
   d - Airstrike                      Air                          4
   e - Lightning Bolt                 Conjuration/Air              5
   Trog disapproves of the use of such an item.
Miscellaneous
 V - a phantom mirror
Comestibles
 c - 8 bread rations
 j - 9 royal jellies


   Skills:
 - Level 3.6 Fighting
 - Level 16.0(16.5) Axes
 + Level 6.9(12.5) Polearms
 + Level 7.6 Armour
 + Level 15.8 Dodging


You had 12 spell levels left.
You didn't know any spells.

Dungeon Overview and Level Annotations

Branches:
Dungeon (12/15)            Temple (0/1) D:4            Lair (0/6) D:9
    Orc (2/2) D:11            Elf (0/3) Orc:2

Altars:
Cheibriados
Dithmenos
Makhleb
Nemelex Xobeh
Uskayaw
Vehumet
Xom
The Shining One
Beogh

Shops:
D:5 (   D:9 [   Orc:2 [

Annotations:
D:4 exclusion: statue


Innate Abilities, Weirdness & Mutations

You reflexively headbutt those who attack you in melee.
You have a pair of horns on your head.
You have large cloven feet.
You are partially covered in iridescent scales. (AC +2)
You are partially covered in thin metallic scales. (AC +2)
Armour fits poorly on your strangely shaped body.
You expend magic power (3 MP) to strengthen your wands.


Message History

a tomahawk; a mace; a trident; an orc corpse x2
The orc knight no longer looks unusually strong.
The orc warrior misses you.
There is an open gate, spattered with blood here.
Things that are here:
a whip; an orc corpse The orc warrior no longer looks unusually strong.
The orc priest no longer looks unusually strong.
The orc knight roars a battlecry!
The orcs go into a battle-frenzy!
The orc priest looks braver for a moment.
Things that are here:
an enchanted flail; a chain mail The orc knight roars a battlecry!
The orc warrior completely misses you.
The orc warrior hits you with a hand axe!!
* * * LOW HITPOINT WARNING * * *
The orc priest calls down the wrath of Beogh upon you.
Beogh smites you!
You die...

.........##.....# #...# #....
###.............# ###.8.#####....
...#............# .#...#...#....
................# '...'.. #...#
#..#............# #)).# #....
#.......[..).#..# ##)o.## #....
##..#...#)#..#..## #8)).8# ##...#
#....#.#.........###(()..###.....
......#......#..@.o##))'##..)))..
#[.[####.(<...#..#ooo(...........
#..######....)..)##..8.8(.....#.#
.....##.........†...).........##.
.....##.............##.........##
.).).##..#.##......####..#.#..###
.....8#.######....## #....##.##
.....#### ###..## ##.......#
.....# ##....# ###.##.##


You could see an orc knight, an orc warrior, an orc priest and an orc.

Vanquished Creatures
  3 orc warlords
  An ogre mage (Orc:1)
  8 two-headed ogres
  The ghost of aTarkinC the Conjurer, a novice DrCj of Vehumet (Bailey)
  An orc high priest (Orc:1)
  A deep elf knight (Orc:2)
  An unseen horror (D:10)
  A deep elf mage (Orc:2)
  3 orc sorcerers
  2 trolls
  The ghost of LORDOFBUTT the Chopper, an amateur MiBe of Trog (D:5)
  2 hippogriffs (D:11)
  Prince Ribbit (D:8)
  2 wyverns
  9 yaks
  2 hungry ghosts
  The ghost of Jivvin the Grave Robber, an amateur DsNe (D:4)
  3 wargs
  2 hell hounds (D:9)
  2 black bears
  26 orc warriors
  2 sky beasts
  A phantom (D:4)
  3 ice beasts
  10 ogres
  5 centaurs
  8 bullfrogs
  9 gnoll sergeants
  8 scorpions
  16 killer bees
  12 wights
  4 howler monkeys
  5 crimson imps
  A centaur zombie (Ossuary)
  2 bullfrog zombies
  9 hounds
  4 human zombies (Ossuary)
  2 centaur skeletons
  7 gnoll shamans
  3 jellies
  21 orc priests
  3 bullfrog skeletons
  3 iguanas
  Terence (D:2)
  24 orc wizards
  6 worker ants
  A killer bee zombie (D:8)
  A big kobold zombie (Ossuary)
  3 mummies (Ossuary)
  2 hound skeletons
  A worker ant zombie (D:11)
  25 gnolls
  10 adders
  6 scorpion zombies (Ossuary)
  2 shadow imps
  An ooze (D:5)
  An adder zombie (D:9)
  An adder skeleton (D:8)
  2 worms
  3 dart slugs (D:1)
  3 leopard geckos
  99 orcs
  3 ball pythons
  10 bats
  4 giant cockroaches
  A gnoll zombie (Ossuary)
  8 hobgoblins
  10 jackals
  3 kobolds
  8 quokkas
  6 frilled lizards
  10 goblins
  3 hobgoblin zombies (Ossuary)
  A kobold zombie (Ossuary)
  3 leopard gecko skeletons
  A leopard gecko zombie (D:9)
  2 orc zombies (Ossuary)
  A quokka zombie (D:5)
  8 rats
485 creatures vanquished.

Vanquished Creatures (others)
  2 orcs
2 creatures vanquished.

Grand Total: 487 creatures vanquished

Notes
Turn   | Place    | Note
-------+----------+-------------------------------------------
     0 | D:1      | LORDOFBUTT the Minotaur Berserker began the quest for the Orb.
     0 | D:1      | Reached XP level 1. HP: 19/19 MP: 0/0
   151 | D:1      | Reached skill level 4 in Axes
   173 | D:1      | Reached XP level 2. HP: 23/26 MP: 1/1
   281 | D:1      | Found a glowing golden altar of the Shining One.
   383 | D:1      | Reached ** piety under Trog
   383 | D:1      | Reached XP level 3. HP: 28/31 MP: 2/2
   686 | D:2      | Noticed Terence
   699 | D:2      | Killed Terence
   699 | D:2      | Reached skill level 5 in Axes
   715 | D:2      | Found a sparkling altar of Nemelex Xobeh.
   837 | D:2      | Found a shadowy altar of Dithmenos.
   855 | D:2      | Reached XP level 4. HP: 34/39 MP: 3/3
  1175 | D:3      | Reached XP level 5. HP: 38/45 MP: 4/4
  1461 | D:3      | Reached *** piety under Trog
  1568 | D:3      | Reached skill level 6 in Axes
  1915 | D:4      | Reached skill level 5 in Dodging
  1915 | D:4      | Reached XP level 6. HP: 45/51 MP: 5/5
  1998 | D:4      | Noticed Jivvin's ghost (amateur DsNe)
  2006 | D:4      | Killed Jivvin's ghost
  2006 | D:4      | Reached skill level 7 in Axes
  2127 | D:4      | Reached XP level 7. HP: 54/57 MP: 6/6
  2178 | D:4      | Found a radiant altar of Vehumet.
  2231 | D:4      | Found a staircase to the Ecumenical Temple.
  2605 | D:5      | Entered Level 5 of the Dungeon
  2625 | D:5      | Found Loun's Weapon Boutique.
  2673 | D:5      | Reached **** piety under Trog
  2697 | D:5      | Reached skill level 8 in Axes
  2791 | D:5      | Noticed LORDOFBUTT's ghost (amateur MiBe)
  2799 | D:5      | Killed LORDOFBUTT's ghost
  2799 | D:5      | Reached XP level 8. HP: 49/64 MP: 7/7
  2862 | D:5      | Reached skill level 9 in Axes
  3245 | D:5      | Reached skill level 10 in Axes
  3843 | D:6      | Reached XP level 9. HP: 70/70 MP: 8/8
  3934 | D:6      | Reached ***** piety under Trog
  3981 | D:6      | Found a burning altar of Makhleb.
  3986 | D:6      | Gained mutation: You are partially covered in thin metallic scales. (AC +2) [mutagenic meat]
  3987 | D:6      | Gained mutation: Armour fits poorly on your strangely shaped body. [mutagenic meat]
  3988 | D:6      | Gained mutation: You have large cloven feet. [mutagenic meat]
  3989 | D:6      | Gained mutation: You expend magic power (3 MP) to strengthen your wands. [mutagenic meat]
  3990 | D:6      | Gained mutation: You are partially covered in iridescent scales. (AC +2) [mutagenic meat]
  4111 | D:6      | Reached skill level 11 in Axes
  4332 | D:7      | Reached skill level 10 in Dodging
  4514 | D:7      | Found a hide-covered altar of Uskayaw.
  4587 | D:7      | Found a shimmering altar of Xom.
  4702 | D:7      | Found a sand-covered staircase.
  4706 | Ossuary  | Entered an ossuary
  5065 | Ossuary  | Reached skill level 12 in Axes
  5835 | D:8      | Noticed Prince Ribbit
  5839 | D:8      | Killed Prince Ribbit
  5839 | D:8      | Reached XP level 10. HP: 77/77 MP: 9/9
  5911 | D:8      | Received a gift from Trog
  5914 | D:8      | Got a twisted executioner's axe {god gift}
  5915 | D:8      | Identified the +2 executioner's axe "Boun Qio" {venom, rPois Int+2 Stlth+} (Trog gifted it to you on level 8 of the Dungeon)
  5944 | D:8      | Noticed a two-headed ogre
  5954 | D:8      | Killed a two-headed ogre
  5955 | D:8      | Reached skill level 13 in Axes
  6295 | D:8      | Noticed a two-headed ogre
  6300 | D:8      | Killed a two-headed ogre
  6765 | D:8      | You fall through a shaft for 3 floors!
  7617 | D:11     | Found a staircase to the Orcish Mines.
  7651 | D:11     | Reached skill level 14 in Axes
  7829 | D:12     | Noticed a death knight
  7861 | D:10     | Entered Level 10 of the Dungeon
  7882 | D:10     | Reached XP level 11. HP: 74/82 MP: 10/10
  8172 | D:10     | Killed an unseen horror
  8448 | D:10     | Noticed a two-headed ogre
  8459 | D:10     | Killed a two-headed ogre
  8932 | D:10     | Found a snail-covered altar of Cheibriados.
  8973 | D:10     | Received a gift from Trog
  9511 | D:9      | Reached skill level 15 in Axes
  9836 | D:9      | Found Ylufoh's Armour Boutique.
  9876 | D:9      | Found a staircase to the Lair.
 10691 | Orc:1    | Entered Level 1 of the Orcish Mines
 10728 | Orc:1    | Noticed a two-headed ogre
 10729 | Orc:1    | Noticed a two-headed ogre
 10729 | Orc:1    | Noticed a two-headed ogre
 10731 | Orc:1    | Noticed an ogre mage
 10734 | Orc:1    | Killed a two-headed ogre
 10736 | Orc:1    | Killed a two-headed ogre
 10740 | Orc:1    | Killed a two-headed ogre
 10742 | Orc:1    | Found a flagged portal.
 10745 | Orc:1    | Noticed a two-headed ogre
 10748 | Orc:1    | Killed an ogre mage
 10748 | Orc:1    | Reached XP level 12. HP: 72/90 MP: 11/11
 10764 | Orc:1    | Killed a two-headed ogre
 10764 | Orc:1    | Reached skill level 16 in Axes
 10914 | Bailey   | Entered a bailey
 10914 | Bailey   | Noticed aTarkinC's ghost (novice DrCj)
 10942 | Bailey   | Killed aTarkinC's ghost
 10942 | Bailey   | Reached skill level 1 in Polearms
 11288 | Bailey   | Reached ****** piety under Trog
 11298 | Bailey   | Reached skill level 15 in Dodging
 11787 | Orc:2    | Entered Level 2 of the Orcish Mines
 11934 | Orc:2    | Noticed a two-headed ogre
 11946 | Orc:2    | Killed a two-headed ogre
 11955 | Orc:2    | Received a gift from Trog
 12054 | Orc:2    | Found a roughly hewn altar of Beogh.
 12092 | Orc:2    | Found a roughly hewn altar of Beogh.
 12106 | Orc:2    | Found Qaymesk's Armour Emporium.
 12143 | Orc:2    | Reached skill level 5 in Armour
 12189 | Orc:2    | Found a staircase to the Elven Halls.
 12353 | Orc:2    | Noticed an orc warlord
 12354 | Orc:2    | Noticed an orc high priest
 12355 | Orc:2    | Noticed an orc warlord
 12546 | Orc:1    | Killed an orc warlord
 12546 | Orc:1    | Reached skill level 5 in Polearms
 12647 | Orc:1    | Killed an orc high priest
 12655 | Orc:1    | Killed an orc warlord
 12919 | Orc:2    | Noticed an orc warlord
 12945 | Orc:2    | Killed an orc warlord
 12945 | Orc:2    | Reached XP level 13. HP: 66/95 MP: 12/12
 12956 | Orc:2    | Killed from afar by an orc priest

Vault maps used:
D:1:      lemuel_arrival_funnel, serial_corexii_hall, corexii_hall_statues_s,
          corexii_hall_statues_u, corexii_hall_statues_u,
          corexii_hall_statues_i, tso_altar
D:2:      lemuel_doored_altar, overflow_temple_1_default, first_bread,
          minmay_misc_feat_enclosed, uniq_terence
D:3:      minmay_misc_feat_tower, wad_orctagon
D:4:      vehumet_statue, temple_pool_b
D:5:      kennysheep_windowed_halls, serial_shops, nicolae_shop_trees,
          minmay_joined_circles
D:6:      lemuel_crystal_altar
D:7:      overflow_temple_1_default, old_standard_altar,
          nicolae_ossuary_entry_plus, minmay_misc_feat_cross
D:8:      uniq_prince_ribbit1
D:9:      minmay_lair_entry_lava, serial_shops, kennysheep_little_box,
          minivault_24
D:10:     basic_altar
D:11:     david_orc_2
D:12:     serial_shops, nicolae_shop_trees, david_nohive_1, nrook_pool_corridor
Orc:1:    enter_bailey_2
Orc:2:    grunt_orc_community_town_hall, grunt_orc_community_big_house_2,
          grunt_orc_community_big_house_1, grunt_orc_community_house_2,
          grunt_orc_community_house_2, grunt_orc_community_house_1,
          grunt_orc_community_house_1, grunt_orc_community_house_1,
          grunt_orc_community_house_2, elf_legates
Ossuary:  ossuary_minmay_scorpions
Bailey:   bailey_polearm_gnolls_kennysheep, bailey

Skill      XL: |  1  2  3  4  5  6  7  8  9 10 11 12 |
---------------+-------------------------------------+-----
Axes           | 4 5 6 7 8 10 12 14 15 16 | 16.0
Dodging        | 3 4 5 6 7 9 11 12 14 15 | 15.8
Polearms       | 6 |  6.9
Armour         | 7 |  7.6
Fighting       | |  3.6

Action                   |  1- 3 |  4- 6 |  7- 9 | 10-12 | 13-15 || total
-------------------------+-------+-------+-------+-------+-------++-------
Melee: Hand axe          |    70 |   133 |    34 |    30 |       ||   267
       Headbutt          |    13 |    30 |    62 |   135 |     1 ||   241
       Broad axe         |       |       |   284 |    15 |       ||   299
       Executioner's axe |       |       |       |    49 |       ||    49
       War axe           |       |       |       |   473 |     3 ||   476
       Trident           |       |       |       |    93 |       ||    93
Invok: Berserk           |     1 |     4 |     2 |     9 |       ||    16
       Burn Spellbooks   |       |       |     1 |     1 |       ||     2
       Trog's Hand       |       |       |     1 |       |       ||     1
  Use: Scroll            |       |       |    15 |     4 |       ||    19
       Potion            |       |       |       |     6 |       ||     6
 Stab: Sleeping          |     2 |     1 |     4 |       |       ||     7
  Eat: Chunk             |     1 |     7 |    11 |    20 |       ||    39
       Meat ration       |       |       |     3 |     2 |       ||     5
       Fruit             |       |       |     2 |       |       ||     2
Armor: Animal skin       |     9 |       |       |       |       ||     9
       Ring mail         |     2 |    42 |   126 |   164 |     1 ||   335
Dodge: Dodged            |    45 |    88 |   212 |   583 |     5 ||   933
